 Dungeon Crawl Stone Soup version 0.31-a0-819-gf6de2f5ab6 (webtiles) character file.

Game seed: 15691377588067858725

107 Kurtz the Chopper (level 4, 0/31 HPs)
             Began as an Octopode Fighter on Sept 25, 2023.
             Slain by a gnoll
             ... wielding a +0 flail
              (9 damage)
             ... on level 3 of the Dungeon.
             The game lasted 00:01:39 (2107 turns).

Kurtz the Chopper (Octopode Fighter)                Turns: 2107, Time: 00:01:39

Health: 0/31       AC:  1    Str: 15    XL:     4   Next: 86%
Magic:  4/4        EV: 12    Int: 10    God:
Gold:   150        SH:  8    Dex: 13    Spells: 3/3 levels left

rFire   . . .        a - +0 war axe
rCold   . . .        j - +0 kite shield
rNeg    . . .        (helmet restricted)
rPois   .            (no amulet)
rElec   .            g - ring of see invisible
rCorr   .            (no ring)
SInv    +            (no ring)
Will    .....        (no ring)
Stlth   ++           (no ring)
HPRegen 0.25/turn    (no ring)
MPRegen 0.09/turn    (no ring)
                     (no ring)

%: no passive effects
@: no status effects
A: almost no armour, amphibious, 8 rings, camouflage 1, gelatinous body 1,
(nimble swimmer 1), tentacles
a: no special abilities


You were on level 3 of the Dungeon.
You visited 1 branch of the dungeon, and saw 3 of its levels.

You collected 150 gold pieces.

Inventory:

Hand Weapons
 a - a +0 war axe (weapon)
Armour
 b - a +0 buckler
 j - a +0 kite shield (worn)
Jewellery
 g - a ring of see invisible (left tentacle)
 m - an amulet of magic regeneration
 o - an amulet of faith
Scrolls
 e - 5 scrolls of identify {unknown}
 f - a scroll of noise {unknown}
 h - a scroll of butterflies {unknown}
 i - 3 scrolls of teleportation {unknown}
 n - a scroll of silence {unknown}
Potions
 c - a potion of might
 d - a potion of lignification {unknown}
 k - a potion of invisibility {unknown}
 l - 2 potions of attraction {unknown}


   Skills:
 - Level 3.0 Fighting
 * Level 4.9 Axes
 - Level 3.0 Dodging
 - Level 3.0 Shields


You had 3 spell levels left.
You didn't know any spells.
Your spell library contained the following spells:

 Spells                   Type           Power      Damage    Failure   Level
 Cigotuvi's Dreadful Rot  Necr/Pois/Air  0%         N/A       87%         2
 Cause Fear               Hex            0%         N/A       100%        4
 Dispel Undead            Necr           0%         3d6       100%        4
 Fireball                 Conj/Fire      0%         3d3       100%        5
 Conjure Ball Lightning   Conj/Air       0%         3x3d6     100%        6
 Death Channel            Necr           0%         N/A       100%        6
 Discord                  Hex            0%         N/A       100%        8
 Disjunction              Tloc           0%         N/A       100%        8
 Dragon's Call            Summ           0%         N/A       100%        9


Dungeon Overview and Level Annotations

Branches:
Dungeon (3/15)

Altars:

Shops:
D:1 =


Innate Abilities, Weirdness & Mutations

You cannot wear most types of armour.
You are amphibious.
You can wear up to eight rings at the same time.
Your skin changes colour to match your surroundings (Stealth+).
Your rubbery body absorbs attacks. (AC +1, EV +1)
((You are camouflaged when in or above water. (Stealth+)))
You have tentacles for arms and can constrict up to eight enemies at once.


Message History

A gnoll is nearby!
A gnoll is nearby!
A gnoll comes into view. It is wielding a +0 flail.
The gnoll shouts! x2
The gnoll throws a javelin.
The javelin pierces through you.
Unknown command.
There are monsters nearby!
You closely miss the gnoll. You grab the gnoll.
You squeeze the gnoll, but do no damage.
You constrict the gnoll, but do no damage.
You block the gnoll's attack.
The gnoll throws a javelin.
The javelin pierces through you.
There are monsters nearby!
Unknown command.
You hit the gnoll. You squeeze the gnoll!
The gnoll is severely wounded.
You constrict the gnoll. You block the gnoll's attack.
The gnoll throws a javelin.
The javelin pierces through you! The gnoll hits you with a +0 flail!
* * * LOW HITPOINT WARNING * * *
You are too injured to fight recklessly!
Unknown command.
You are too injured to fight recklessly!
You hit the gnoll but do no damage.
The gnoll is severely wounded.
You constrict the gnoll. You block the gnoll's attack.
Unknown command.
You hit the gnoll but do no damage.
The gnoll is almost dead.
You constrict the gnoll, but do no damage.
The gnoll barely misses you.
You hit the gnoll.
You kill the gnoll!
You block the gnoll's attack.
Unknown command.
You hit the gnoll. You grab the gnoll. You squeeze the gnoll!
The gnoll is almost dead.
You constrict the gnoll, but do no damage.
The gnoll hits you with a +0 flail!
You die...

.....................#.......#...
.#................#..#.#####)#.#.
..##............##...# #......<#.
..#.#..........#.#...# #.###.#.#^
...#.##......##.#....# #.....#.#.
...)##.#...)#.##.....#.#######.#.
....#.#.####.#.#.....#...g.....#.
.....#.##..##.#..........#######.
....).##....##..@........#.......
................g).......#.###...
............................##...
......##....##......#####...#)†..
.....#.##..##.#.....#.....)......
....#.#.####.#.#....#.###...#....
....##.#....#.##....#.# #...#....
...#.##......##.#.....###...#....
..# #..........#.#.........)#####


You could see a gnoll.

Vanquished Creatures
  2 gnolls (D:3)
  2 adders
  A worm (D:2)
  3 orcs (D:3)
  11 ball pythons
  5 bats
  3 endoplasms
  A giant cockroach (D:1)
  9 goblins
  4 hobgoblins
  2 jackals (D:3)
  7 kobolds
  2 quokkas
  2 frilled lizards
  9 rats
63 creatures vanquished.

Notes
Turn   | Place    | Note
-------+----------+-------------------------------------------
     0 | D:1      | Kurtz the Octopode Fighter began the quest for the Orb.
     0 | D:1      | Reached XP level 1. HP: 16/16 MP: 1/1
   239 | D:1      | Reached XP level 2. HP: 16/21 MP: 2/2
   396 | D:1      | Reached skill level 3 in Axes
   590 | D:1      | Found Madetott's Jewellery Shoppe.
   752 | D:1      | Reached XP level 3. HP: 26/26 MP: 3/3
  1094 | D:2      | Noticed a floating eye
  1098 | D:2      | Found a faded altar of an unknown god.
  1099 | D:2      | Noticed a shining eye
  1099 | D:2      | Noticed a shining eye
  1099 | D:2      | Noticed a floating eye
  1202 | D:2      | Reached skill level 4 in Axes
  1709 | D:3      | Reached XP level 4. HP: 23/31 MP: 4/4
  2107 | D:3      | Slain by a gnoll

Illustrated notes

Levels and vault maps discovered:
D:1:      dpeg_arrival_snail, layout_loops_ring, serial_shops,
          nicolae_shop_tiny_statue_garden, feat_on_display
D:2:      layout_basic, hellmonk_ecumenical_altar_watching_god,
          chequers_serial_rivers_micro_d, minmay_pentomino_v4
D:3:      layout_basic, minmay_misc_feat_secret_circle

Skill      XL: |  1  2  3 |
---------------+----------+-----
Axes           | 3 4 |  4.9
Fighting       | |  3.0
Dodging        | |  3.0
Shields        | |  3.0

Action                     |  1- 3 |  4- 6 || total
---------------------------+-------+-------++-------
  Melee: War axe           |    71 |    44 ||   115
         Constrict         |    19 |    15 ||    34
         Tentacles         |     8 |     8 ||    16
   Stab: Sleeping          |     8 |     2 ||    10
         Distracted        |       |     1 ||     1
 Armour: Skin              |    29 |    19 ||    48
  Dodge: Dodged            |    38 |    24 ||    62
  Block: Buckler           |    10 |       ||    10
         Kite shield       |     9 |    16 ||    25

Table legend: (Time is in decaauts)
 A = Elapsed time spent in this place.
 B = Non-inter-level travel time spent in this place.
 C = Inter-level travel time spent in this place.
 D = Time resting spent in this place.
 E = Time spent auto-exploring this place.
 F = Levels seen in this place.
 G = Mean time per level.
                   A        B        C        D        E       F      G
               +--------+--------+--------+--------+--------+-----+--------+
         Total |   2156 |   2048 |    108 |    194 |   1430 |   3 |  718.7 |
       Dungeon |   2156 |   2048 |    108 |    194 |   1430 |   3 |  718.7 |
               +--------+--------+--------+--------+--------+-----+--------+

Top non-repeatable levels by time:
     D:1: 905 daAuts
     D:2: 800 daAuts
     D:3: 450 daAuts
